 Dungeon Crawl Stone Soup version 0.23.0 (webtiles) character file.

Game seed: 6379046832963796895

176 Gargoyl the Skirmisher (level 5, -1/46 HPs)
             Began as a Centaur Abyssal Knight on Feb 16, 2019.
             Was a Believer of Lugonu.
             Killed from afar by an orc wizard (7 damage)
             ... with a magic dart
             ... on level 4 of the Dungeon.
             The game lasted 00:05:44 (3305 turns).

Gargoyl the Skirmisher (Centaur Abyssal Knight)     Turns: 3305, Time: 00:05:45

Health: -1/46      AC: 10    Str: 15    XL:     5   Next: 30%
Magic:  6/7        EV: -2    Int: 11    God:    Lugonu [**....]
Gold:   108        SH: 11    Dex:  9    Spells: 4/4 levels left

rFire    . . .     SeeInvis .   a - +2 hand axe
rCold    . . .     Gourm    .   i - +0 large shield
rNeg     . . .     Faith    .   e - +0 plate armour
rPois    .         Spirit   .   f - +0 helmet
rElec    .         Reflect  .   (no cloak)
rCorr    .         Harm     .   (no gloves)
MR       .....                  (no barding)
Stlth    ..........             (no amulet)
HPRegen  0.15/turn              (no ring)
MPRegen  0.10/turn              (no ring)

@: very quick
A: large, hooves 3, deformed body, speed 2, tough skin 3
a: Depart the Abyss, Bend Space, Renounce Religion


You were on level 4 of the Dungeon.
You worshipped Lugonu.
Lugonu was pleased with you.
You were hungry.

You visited 1 branch of the dungeon, and saw 4 of its levels.
You visited the Abyss 1 time.

You collected 108 gold pieces.

Inventory:

Hand Weapons
 a - a +2 hand axe (weapon)
Armour
 e - a +0 plate armour (worn)
 f - a +0 helmet (worn)
 i - a +0 large shield (worn)
Wands
 b - a wand of iceblast (9)
Scrolls
 d - 3 scrolls of remove curse
 m - a scroll of identify
Potions
 g - a potion of lignification
 h - a potion of haste
 j - 2 potions of curing {unknown}
 l - a potion of resistance {unknown}
 o - 2 potions of flight {unknown}
Comestibles
 c - 7 rations


   Skills:
 + Level 3.7 Fighting
 + Level 2.6 Axes
 * Level 2.3 Armour
 * Level 1.4 Dodging
 + Level 0.8 Shields
 * Level 2.8 Invocations


You had 4 spell levels left.
You didn't know any spells.
Your spell library was empty.

Dungeon Overview and Level Annotations

Branches:
Dungeon (3/15)

Altars:
Dithmenos
Fedhas
Qazlal

Annotations:
D:3 3 runed translucent doors, grerr's ghost, amateur DECj


Innate Abilities, Weirdness & Mutations

You have hooves in place of feet.
Armour fits poorly on your strangely shaped body.
You cover ground very quickly.
You have extremely tough skin. (AC +3)


Message History

The orc is almost dead.
You barely miss the orc wizard.
The orc wizard gestures at you while chanting.
The puff of flame hits you! The orc hits you.
The orc priest hits you but does no damage.
The orc wizard points at you and mumbles some strange words.
The puff of frost hits you.
* * * LOW HITPOINT WARNING * * *
Space bends around you!
You blink.
The orc priest hits you from afar with a +0 trident.
* * * LOW HITPOINT WARNING * * *
The orc wizard mumbles some strange words.
The orc wizard blinks!
The orc wizard casts a spell.
The orc wizard seems to speed up.
The orc wizard gestures wildly while chanting.
The orc wizard seems to speed up.
The orc wizard casts a spell at you. The magic dart hits you!
You die...

....o.........# ##....##
.......).....# ##......##
.......o....# ##........##
...........## #..........##
..........## ##...........##
#.........####.[...........#
##..........#..............##
###%....##.................##
##...####..@..............#
#...## ##.......o........##
#... #......o.........##
#...# #......o[......### ....
#........o...###
##.......o§### ##......#..##
##########.# ###


You could see an orc priest, 2 orc wizards and 2 orcs.

Vanquished Creatures
  Terence (D:3)
  3 adders
  3 gnolls (D:2)
  A worm (D:3)
  4 dart slugs
  8 bats
  5 giant cockroaches
  16 goblins
  8 hobgoblins
  2 quokkas
  2 ball pythons (D:1)
  4 frilled lizards
  17 kobolds
  9 rats
83 creatures vanquished.

Notes
Turn   | Place    | Note
-------+----------+-------------------------------------------
     0 | Abyss:1  | Gargoyl the Centaur Abyssal Knight began the quest for the
                  | Orb.
     0 | Abyss:1  | Reached XP level 1. HP: 19/19 MP: 2/2
    67 | Abyss:1  | Noticed a small abomination
   178 | Abyss:2  | Noticed a small abomination
   192 | Abyss:2  | Noticed a thrashing horror
   196 | D:1      | Escaped the Abyss
   539 | D:1      | Reached XP level 2. HP: 23/26 MP: 3/3
   620 | D:1      | Reached * piety under Lugonu
   794 | D:1      | Reached skill level 1 in Dodging
  1142 | D:1      | Reached XP level 3. HP: 21/31 MP: 4/4
  1590 | D:2      | Found a stormy altar of Qazlal.
  1674 | D:2      | Reached ** piety under Lugonu
  1860 | D:2      | Found a shadowy altar of Dithmenos.
  1889 | D:2      | HP: 1/31 [gnoll/+0 spear (6)]
  1899 | D:2      | Reached XP level 4. HP: 4/38 MP: 5/5
  2643 | D:2      | Found a blossoming altar of Fedhas.
  2941 | D:3      | Found a runed translucent gate.
  2942 | D:3      | Found a runed translucent gate.
  2942 | D:3      | Noticed a big kobold
  2943 | D:3      | Found a runed translucent gate.
  2947 | D:3      | Noticed grerr's ghost (amateur DECj)
  2971 | D:3      | Noticed Terence
  2991 | D:3      | Killed Terence
  2991 | D:3      | Reached XP level 5. HP: 45/46 MP: 7/7
  3264 | D:3      | You fall through a shaft!
  3305 | D:4      | Killed from afar by an orc wizard

Skill      XL: |  1  2  3  4 |
---------------+-------------+-----
Dodging        | 1 |  1.4
Axes           | 2 |  2.6
Armour         | 2 |  2.3
Fighting       | |  3.7
Shields        | |  0.8
Invocations    | |  2.8

Action                   |  1- 3 |  4- 6 || total
-------------------------+-------+-------++-------
Melee: Hand axe          |   124 |   151 ||   275
       Kick              |    18 |    25 ||    43
Invok: Depart the Abyss  |     1 |       ||     1
       Bend Space        |       |     1 ||     1
  Use: Scroll            |     3 |     4 ||     7
       Potion            |     3 |       ||     3
  Eat: Chunk             |     2 |     4 ||     6
Armor: Plate armour      |   115 |   145 ||   260
       Skin              |     5 |     1 ||     6
Dodge: Dodged            |     5 |     4 ||     9
Block: Large shield      |    47 |   134 ||   181
